 Dungeon Crawl Stone Soup version 0.18.1-1-g2f07953 (webtiles) character file.

340 Eucla the Twirler (level 6, -1/56 HPs)
             Began as a Hill Orc Gladiator on May 6, 2016.
             Slain by an orc warrior
             ... wielding a +0 war axe
              (7 damage)
             ... on level 4 of the Dungeon.
             The game lasted 00:05:08 (2824 turns).

Eucla the Twirler (Hill Orc Gladiator)              Turns: 2824, Time: 00:05:09

Health: -1/56      AC: 13    Str: 21    XL:     6   Next: 56%
Magic:  6/6        EV:  8    Int:  8    God:
Gold:   148        SH:  0    Dex: 13    Spells: 0 memorised, 5 levels left

rFire  . . .     SeeInvis .     a - +0 quarterstaff
rCold  . . .     Gourm    .     j - +0 chain mail
rNeg   . . .     Faith    +     (shield currently unavailable)
rPois  .         Spirit   .     c - +0 helmet
rElec  .         Dismiss  .     l - +1 cloak
rCorr  .         Reflect  .     q - +0 pair of gloves
SustAt .         Harm     .     r - +0 pair of boots
MR     .....     Rnd*Tele +     C - amulet of faith
Stlth  ..........               y - +3 ring of strength
                                e - ring of teleportation (curse)

@: not resistant to hostile enchantments, extremely unstealthy
A: no striking features
a: no special abilities


You were on level 4 of the Dungeon.
You were not hungry.

You visited 1 branch of the dungeon, and saw 4 of its levels.

You collected 148 gold pieces.

Inventory:

Hand Weapons
 a - a +0 quarterstaff (weapon)
Missiles
 d - 3 throwing nets (quivered)
Armour
 b - a +0 leather armour
 c - a +0 helmet (worn)
 j - a +0 chain mail (worn)
 l - a +1 cloak (worn)
 q - a +0 pair of gloves (worn)
 r - a +0 pair of boots (worn)
Jewellery
 e - a cursed ring of teleportation (left hand)
 m - an uncursed ring of flight
 v - an uncursed ring of stealth
 y - a +3 ring of strength (right hand)
 C - an amulet of faith (around neck)
Wands
 B - a wand of polymorph (12/24)
Scrolls
 h - 2 scrolls of identify {unknown}
 i - 2 scrolls of random uselessness {unknown}
 k - 4 scrolls of remove curse {unknown}
 p - 3 scrolls of teleportation {unknown}
Potions
 g - 3 potions of flight
 s - 2 potions of curing {unknown}
 t - a potion of mutation {unknown}
 w - a potion of lignification {unknown}
 A - a potion of cure mutation {unknown}
Books
 n - a book of Misfortune

   Spells                             Type                      Level
   a - Confusing Touch                Hexes                        2
   b - Confuse                        Hexes                        3
   c - Gell's Gravitas                Hexes/Translocation          3
   d - Petrify                        Transmutation/Earth          4
   e - Metabolic Englaciation         Hexes/Ice                    5
   f - Yara's Violent Unravelling     Hexes/Transmutation          5
Comestibles
 f - 3 bread rations
 o - 2 meat rations
 u - 3 beef jerkies
 x - a royal jelly
 z - a chunk of flesh


   Skills:
 + Level 5.0 Fighting
 * Level 5.5 Staves
 - Level 1.7 Throwing
 - Level 2.4 Dodging


You had 5 spell levels left.
You didn't know any spells.

Dungeon Overview and Level Annotations

Branches:
Dungeon (4/15)
 Temple: D:4-7

Altars:
Dithmenos
Gozag
Ru
Vehumet


Message History

An orc warrior is nearby!
Unknown command.
You sock the orc warrior!
The orc warrior is moderately wounded.
The orc warrior closely misses you. x2
You closely miss the orc warrior.
The orc warrior is moderately wounded.
The orc warrior hits you with a war axe!
Unknown command.
Unknown command.
Your chain mail prevents you from hitting the orc warrior.
The orc warrior is moderately wounded.
The orc warrior hits you with a war axe!
* * * LOW HITPOINT WARNING * * *
An orc wizard comes into view. It is wielding a dagger.
Unknown command.
Unknown command.
The orc wizard hits you but does no damage.
The orc warrior hits you with a war axe!
You die...

#. #.# ..# ..# .. ...
... .'#######'.
#...#...# #...#...#
#..o....# #.# #.#
###@_.######.. #.#
#..o....#..##.# #.#
#...#.†.#..# .. #.#
#...#...#..# #.##.#
.'#######'..# #.)#.#
##......##....#####.#.##
....# #.................
...# ######.######..(##
#..# #.# ##..#


You could see an orc warrior (berserk) and an orc wizard (mute).

Vanquished Creatures
  A scorpion (D:4)
  A howler monkey (D:4)
  2 hounds (D:4)
  Jessica (D:3)
  A worker ant (D:3)
  5 adders
  An ooze (D:1)
  2 worms
  4 dart slugs
  3 giant geckos
  An orc (D:4)
  A ball python (D:1)
  7 bats
  5 giant cockroaches
  3 goblins
  15 hobgoblins
  10 jackals
  2 quokkas
  2 giant newts
  4 kobolds
  10 rats
81 creatures vanquished.

Notes
Turn   | Place    | Note
--------------------------------------------------------------
     0 | D:1      | Eucla the Hill Orc Gladiator began the quest for the Orb.
     0 | D:1      | Reached XP level 1. HP: 18/18 MP: 1/1
   585 | D:1      | Reached XP level 2. HP: 24/25 MP: 2/2
   769 | D:1      | Reached XP level 3. HP: 20/31 MP: 3/3
  1401 | D:2      | Reached XP level 4. HP: 38/38 MP: 4/4
  2007 | D:3      | Reached XP level 5. HP: 46/46 MP: 5/5
  2112 | D:3      | Found a radiant altar of Vehumet.
  2345 | D:3      | Found a shadowy altar of Dithmenos.
  2346 | D:3      | Found an opulent altar of Gozag.
  2353 | D:3      | Noticed Jessica
  2367 | D:3      | Killed Jessica
  2659 | D:4      | Reached skill level 5 in Staves
  2675 | D:4      | Reached XP level 6. HP: 50/53 MP: 6/6
  2810 | D:4      | Found a sacrificial altar of Ru.
  2812 | D:4      | Reached skill level 5 in Fighting
  2817 | D:4      | Noticed an orc warrior
  2824 | D:4      | Slain by an orc warrior

Skill      XL: |  1  2  3  4  5  6 |
---------------+-------------------+-----
Staves         | 3 4 5 |  5.5
Fighting       | 3 4 5 |  5.0
Throwing       | |  1.7
Dodging        | |  2.4

Action                   |  1- 3 |  4- 6 || total
-------------------------+-------+-------++-------
Melee: Quarterstaff      |   130 |   150 ||   280
  Use: Potion            |     1 |       ||     1
 Stab: Paralysed         |       |     1 ||     1
  Eat: Chunk             |     2 |     4 ||     6
Armor: Leather armour    |    34 |       ||    34
       Chain mail        |    52 |    90 ||   142
Dodge: Dodged            |   119 |    64 ||   183
